Map: Cerulean Fall LE

Players

Probe

  • Race: Protoss Protoss
  • Spawn Location: 7:00

puCK (Nina) - Winner!

  • Race: Protoss Protoss
  • League: Grandmaster
  • Spawn Location: 1:00

Event: Cheeseadelphia 8

VOD

Have the link to the VOD?

Description

Time

  • Played on: Dec. 9, 2018, 1:17 p.m.
  • Length: 9:50

All games in this series

Show
View Real Time Build Order
Export as new Build Order

Probe Protoss 

Build Orders: Phoenix Opening, Archon Immortal 

Get SALT Encoding   

  12  0:00  Probe  
  13  0:12  Probe  
  14  0:19  Pylon  
  14  0:25  Probe  
  15  0:33  Probe  
  15  0:41  Gateway, Probe  
  16  0:48  Assimilator  
  17  0:51  Probe  
  17  0:56  Assimilator  
  18  0:59  Probe  
  19  1:09  Probe  
  19  1:11  Gateway  
  20  1:20  Probe  
  21  1:30  Cybernetics Core  
  21  1:33  Probe  
  21  1:37  Pylon  
  22  1:45  Probe  
  23  1:57  Probe  
  24  2:07  Sentry  
  26  2:11  Stargate  
  26  2:15  Probe  
  29  2:17  Pylon  
  29  2:22  Stalker  
  29  2:27  Probe  
  30  2:30  Warp Gate  
  30  2:39  Probe  
  30  2:40  Phoenix  
  31  2:50  Phoenix  
  31  2:51  Nexus  
  30  3:03  Probe  
  33  3:13  Phoenix  
  33  3:15  Probe  
  36  3:22  Shield Battery  
  36  3:27  Probe  
  37  3:38  Phoenix  
  39  3:44  Pylon  
  39  3:48  Robotics Facility  
  39  3:56  Forge  
  39  3:59  Probe  
  39  4:00  Probe  
  40  4:07  Probe  
  40  4:08  Probe  
  41  4:16  Probe  
  43  4:18  Probe  
  45  4:25  Pylon  
  46  4:31  Immortal  
  46  4:32  Stalker, Sentry  
  46  4:35  Gateway  
  53  4:50  Shield Battery  
  53  4:55  Stalker  
  53  4:56  Stalker  
  57  5:04  Shield Battery  
  57  5:08  Immortal  
  57  5:14  Cybernetics Core  
  61  5:24  Gateway  
  61  5:25  Zealot  
  63  5:35  Zealot x2  
  61  5:45  Probe x2  
  61  5:46  Immortal  
  61  5:57  Probe x2  
  61  5:58  Twilight Council  
  61  6:00  Pylon  
  59  6:08  Pylon  
  59  6:09  Probe x2  
  61  6:15  Sentry  
  61  6:18  Probe  
  61  6:20  Warp Prism  
  61  6:21  Probe  
  61  6:22  Protoss Ground Weapons Level 1  
  63  6:26  Probe  
  66  6:33  Probe  
  66  6:35  Probe  
  66  6:36  Assimilator x2  
  68  6:45  Probe  
  67  6:49  Probe  
  67  6:51  Zealot x2, Sentry  
  74  6:54  Pylon  
  74  6:57  Probe  
  74  6:59  Observer  
  76  7:02  Probe  
  77  7:14  Stalker  
  77  7:20  Immortal  
  79  7:23  Charge  
  79  7:34  Stalker  
  80  7:45  Stalker x2  
  83  7:56  Pylon x3  
  83  7:57  Pylon  
  83  7:59  Nexus  
  82  8:14  Probe x2  
  80  8:26  Gateway x3, Probe x2  
  82  8:27  Sentry x2  
  82  8:31  Gateway  
  82  8:33  Warp Prism  
  86  8:38  Probe x2  
  90  8:54  Templar Archives  
  90  8:58  Gateway  
  90  9:07  Archon, Phoenix  
  90  9:08  Archon x2  
  92  9:10  Zealot x3  
  93  9:29  Zealot x4  
  93  9:30  Zealot  
  101  9:35  Zealot  
Show
View Real Time Build Order
Export as new Build Order

puCK Protoss - Winner!

Build Orders: Phoenix Opening 

Get SALT Encoding   

  12  0:01  Probe  
  13  0:14  Probe  
  14  0:17  Pylon  
  14  0:25  Probe  
  15  0:33  Probe  
  15  0:38  Gateway  
  15  0:41  Probe  
  16  0:47  Assimilator  
  17  0:51  Probe  
  17  0:55  Assimilator  
  18  0:59  Probe  
  19  1:08  Probe  
  19  1:09  Gateway  
  20  1:19  Probe  
  21  1:26  Cybernetics Core  
  21  1:31  Probe  
  22  1:38  Pylon  
  22  1:43  Probe  
  23  1:56  Probe  
  24  2:02  Stalker  
  24  2:03  Warp Gate, Sentry  
  24  2:08  Probe  
  29  2:11  Pylon  
  29  2:20  Probe  
  30  2:26  Stargate  
  30  2:38  Phoenix  
  30  2:52  Nexus  
  30  3:03  Robotics Facility  
  31  3:05  Probe  
  31  3:07  Sentry  
  31  3:11  Stalker  
  35  3:17  Probe  
  36  3:23  Gateway  
  36  3:29  Probe  
  39  3:43  Observer  
  39  3:45  Probe  
  39  3:46  Pylon  
  39  3:55  Warp Prism  
  39  4:04  Probe x2  
  39  4:05  Sentry  
  39  4:07  Stalker  
  47  4:13  Shield Battery  
  47  4:16  Probe  
  48  4:17  Pylon  
  48  4:23  Stalker  
  50  4:25  Probe  
  50  4:30  Stalker  
  53  4:32  Probe  
  53  4:36  Sentry  
  53  4:38  Probe  
  57  4:44  Probe  
  58  4:55  Probe  
  58  4:56  Probe  
  58  4:57  Pylon  
  60  5:02  Stalker x3  
  60  5:07  Probe  
  67  5:17  Probe  
  67  5:19  Probe  
  69  5:25  Sentry  
  69  5:26  Stalker x2  
  75  5:32  Probe  
  74  5:45  Probe x2  
  74  5:47  Assimilator  
  74  5:48  Assimilator  
  72  5:52  Stalker x3  
  76  5:58  Nexus  
  72  6:04  Probe  
  72  6:05  Warp Prism  
  72  6:06  Probe  
  72  6:09  Twilight Council  
  72  6:16  Probe  
  72  6:18  Probe  
  76  6:20  Pylon  
  76  6:23  Pylon  
  76  6:27  Pylon  
  76  6:29  Gateway  
  76  6:49  Charge  
  76  6:51  Gateway  
  76  6:52  Gateway  
  76  6:53  Immortal  
  80  6:55  Templar Archives  
  80  7:03  Gateway  
  78  7:16  Zealot x3  
  78  7:18  Gateway  
  78  7:20  Pylon  
  84  7:29  Pylon  
  84  7:34  Zealot  
  84  7:36  Zealot  
  82  7:52  Immortal  
  82  7:53  Zealot x4  
  82  7:57  Forge  
  90  7:59  High Templar x2  
  90  8:01  Probe x2  
  90  8:04  Archon  
  96  8:15  High Templar x3  
  96  8:17  High Templar  
  102  8:20  Pylon  
  102  8:21  Archon x2  
  102  8:22  Probe  
  102  8:23  Probe  
  104  8:29  Probe  
  104  8:31  Observer, Pylon  
  106  8:35  Probe x2  
  108  8:42  Probe, Zealot  
  108  8:43  Zealot x3  
  108  8:48  Photon Cannon  
  117  8:50  Photon Cannon  
  117  8:56  Photon Cannon  
  117  9:08  Zealot x5  
  127  9:26  Zealot x2  
  127  9:28  Zealot x4  
  129  9:32  Zealot x2  
Tags
 
Add a new tag
Caveats
  • Supply blocks, unpowered buildings, or Contaminate may cause inaccurate times.
  • Supply counts are checked every 10 seconds.